AoeStats
← [TMG] sandriko

Fortress

508923650Analyzed
4v4 RM · 9d ago on Sep 24, 2026· 48m 36s· 8 players
Game mode
Random Map
Map size
Huge
Population
200
Speed
Normal
Resources
Standard
Victory
Conquest
Starting age
Dark Age
Ending age
Imperial Age
RankedLock teamsTeams togetherTeam positionsShared explorationLock speedFull tech treeHidden civsTurbo modeCheats
Victory
Defeat
🇬🇪 Mongols · Georgia
1624
+19
🇬🇪 Danes · Georgia
1619
+19
🇬🇪 Turks · Georgia
1605
+20
🇬🇪 Slavs · Georgia
1562
+22
🇹🇷 Mongols · Türkiye
1771
-24
🇩🇪 Tupi · Germany
1676
-19
🇨🇳 Chinese · China
1666
-19
🇺🇸 Danes · United States
1651
-18
Obuk
8:12 Feudal Age
9:15 Horse Collar
9:25 Double-Bit Axe
12:10 Castle Age
13:30 Wheelbarrow
12:54 Gold Mining
14:11 Heavy Plow
16:50 Imperial Age
14:45 Fletching
16:43 Bodkin Arrow
17:46 Loom
18:42 Gold Shaft Mining
19:16 Bracer
20:48 Hand Cart
22:12 Ballistics
22:45 Padded Archer Armor
23:47 Chemistry
24:37 Bow Saw
24:40 Stone Mining
25:24 Loom
27:49 Leather Archer Armor
27:33 Town Watch
30:03 Hand Cart
32:38 Ring Archer Armor
32:51 Conscription
33:09 Treadmill Crane
34:00 Elite Blackwood Archer
35:32 Curare
Jugband
6:47 Feudal Age
10:16 Castle Age
8:26 Double-Bit Axe
11:24 Bow Saw
10:58 Horse Collar
16:43 Wheelbarrow
17:54 Hand Cart
19:07 Heavy Plow
19:19 Gold Mining
22:20 Gold Shaft Mining
21:36 Stone Mining
24:51 Imperial Age
22:26 Fletching
22:37 Padded Archer Armor
23:22 Bodkin Arrow
25:16 Ballistics
25:10 Bloodlines
25:00 Husbandry
25:06 Thumb Ring
25:42 Bracer
26:09 Conscription
25:25 Elite Mangudai
27:16 Parthian Tactics
27:41 Leather Archer Armor
28:57 Chemistry
31:03 Capped Ram
32:18 Siege Ram
33:05 Scale Barding Armor
33:10 Forging
34:29 Loom
34:32 Town Watch
35:44 Chain Barding Armor
36:00 Iron Casting
37:03 Drill
Collllin
8:21 Feudal Age
9:22 Double-Bit Axe
9:18 Horse Collar
11:56 Castle Age
10:01 Gold Mining
13:02 Scale Mail Armor
13:15 Bow Saw
13:06 Heavy Plow
18:16 Wheelbarrow
18:22 Forging
18:35 Squires
19:56 Iron Casting
19:12 Arson
20:04 Loom
21:25 Hand Cart
22:09 Chain Mail Armor
27:53 Imperial Age
26:05 Gambesons
26:52 Town Watch
27:45 Fletching
28:41 Ballistics
28:31 Masonry
29:07 Plate Mail Armor
28:00 Elite Jomsviking
29:01 Conscription
29:42 Hoardings
29:27 Redemption
28:53 Capped Ram
29:15 Hamask
32:02 Blast Furnace
31:40 Bodkin Arrow
32:07 Onager
33:08 Town Patrol
33:15 Stone Mining
33:43 Pikeman
35:26 Chemistry
34:56 Bracer
Bz_青红
0:30 Loom
7:38 Feudal Age
12:27 Castle Age
10:43 Double-Bit Axe
10:46 Horse Collar
13:26 Bow Saw
18:04 Gold Mining
20:40 Wheelbarrow
23:07 Imperial Age
21:35 Heavy Plow
20:57 Pikeman
22:27 Scale Mail Armor
22:49 Hand Cart
23:35 Squires
23:52 Chain Mail Armor
23:17 Halberdier
24:46 Conscription
24:52 Heavy Rocket Cart
29:57 Chemistry
28:55 Man-at-Arms
29:22 Arson
30:08 Plate Mail Armor
31:14 Forging
31:27 Long Swordsman
32:44 Iron Casting
32:51 Bombard Tower
32:24 Fletching
32:35 Two-Handed Swordsman
34:33 Blast Furnace
33:27 Champion
34:43 Bodkin Arrow
[TMG] sandriko
6:53 Feudal Age
10:58 Castle Age
9:12 Double-Bit Axe
10:31 Horse Collar
11:52 Bow Saw
12:13 Bow Saw
18:58 Gold Mining
19:13 Heavy Plow
19:10 Loom
20:00 Wheelbarrow
20:53 Scale Mail Armor
25:23 Imperial Age
23:49 Chain Mail Armor
25:30 Forging
25:23 Squires
25:09 Arson
24:50 Hamask
25:26 Onager
27:03 Plate Mail Armor
26:56 Conscription
28:07 Chemistry
28:14 Siege Engineers
27:58 Northmen's Fury
30:16 Iron Casting
30:00 Siege Onager
31:30 Fletching
32:02 Ballistics
32:16 Bodkin Arrow
32:47 Elite Jomsviking
36:37 Blast Furnace
42:50 Spies/Treason
[TMG] Lucipher
7:38 Feudal Age
8:49 Double-Bit Axe
8:58 Horse Collar
11:34 Castle Age
10:47 Loom
12:29 Bow Saw
15:27 Wheelbarrow
16:27 Fletching
17:43 Town Watch
19:47 Bodkin Arrow
25:14 Hand Cart
25:33 Town Patrol
30:39 Imperial Age
28:32 Ballistics
31:34 Bracer
33:10 Chemistry
32:11 Padded Archer Armor
34:12 Leather Archer Armor
34:01 Elite Mangudai
35:18 Heavy Scorpion
37:12 Drill
37:13 Conscription
36:59 Siege Engineers
37:43 Capped Ram
39:58 Siege Ram
43:02 Spies/Treason
46:31 Bloodlines
46:21 Husbandry
[TMG] purple
7:28 Feudal Age
11:07 Castle Age
9:38 Horse Collar
9:45 Double-Bit Axe
12:13 Bow Saw
13:46 Heavy Plow
17:58 Loom
20:08 Wheelbarrow
23:59 Forging
28:17 Imperial Age
26:04 Hand Cart
26:56 Scale Barding Armor
27:27 Iron Casting
27:21 Light Cavalry
28:12 Bloodlines
28:07 Gold Mining
28:08 Stone Mining
28:20 Fletching
28:22 Onager
29:57 Husbandry
30:52 Conscription
30:56 Chain Barding Armor
30:22 Hussar
32:54 Plate Barding Armor
33:20 Blast Furnace
34:20 Chemistry
33:32 Fortified Wall
37:45 Caravan
39:56 Ballistics
39:47 Masonry
41:14 Spies/Treason
44:37 Capped Ram
45:54 Siege Ram
[TMG] zv
7:12 Feudal Age
10:46 Castle Age
9:13 Double-Bit Axe
9:25 Horse Collar
11:41 Bow Saw
18:36 Wheelbarrow
21:02 Hand Cart
21:27 Loom
24:51 Imperial Age
22:13 Gold Mining
22:16 Fletching
22:51 Padded Archer Armor
24:45 Bloodlines
24:35 Husbandry
25:29 Sipahi
25:06 Bodkin Arrow
25:47 Bracer
26:19 Conscription
26:02 Heavy Cavalry Archer
27:06 Ballistics
27:27 Leather Archer Armor
28:39 Ring Archer Armor
28:55 Artillery
30:04 Forging
31:18 Parthian Tactics
31:21 Thumb Ring
31:24 Scale Barding Armor
31:58 Iron Casting
33:09 Chain Barding Armor
35:11 Blast Furnace
37:27 Plate Barding Armor
39:26 Stone Mining
40:13 Gold Shaft Mining
43:03 Spies/Treason
45:27 Cavalier
Connection lost

Rejoining the realm…

Still unreachable

The connection could not be restored.

Session expired

The server has moved on; the page needs a fresh start.